 Dungeon Crawl Stone Soup version 0.31.0-10-gcf4a605ca0 (webtiles) character file.

Game seed: 228076133295713939

2856620 snackwell the Petrodigitator (level 27, 199/199 HPs)
             Began as a Gargoyle Earth Elementalist on Jan 24, 2024.
             Was the Champion of Vehumet.
             Escaped with the Orb
             ... and 5 runes on Jan 25, 2024!
             The game lasted 06:51:33 (83199 turns).

snackwell the Petrodigitator (GrEE)                Turns: 83199, Time: 06:51:34

Health: 199/199    AC: 43    Str: 14    XL:     27
Magic:  47/47      EV: 13    Int: 42    God:    Vehumet [******]
Gold:   11251      SH: 17    Dex: 12    Spells: 1/57 levels left

rFire   + + +        a - staff of earth
rCold   + + +        Y - +4 kite shield {AC+3}
rNeg    + + +        G - +10 ring mail "Lioluv" {rF+ rC+++ rN+ Dex-5}
rPois   ∞            (helmet restricted)
rElec   +            Q - scarf {rC+ rF+}
rCorr   +            C - +1 pair of gloves of the Gusle {Str+2 Dex+4 SInv}
SInv    +            O - +0 pair of boots of Poor Excuses {rF+ Regen+ Dex+5}
Will    ++++.        y - amulet "Ivackob" {RegenMP rN++ rCorr}
Stlth   ++           L - ring of Ruobbog {rF+ Will+ Int+6}
HPRegen 1.33/turn    u - ring of magical power
MPRegen 0.70/turn

%: no passive effects
@: mighty, brilliant, resistant, enlightened, flying, hasted, studying 2 skills,
invisible, very quick
A: sickness immunity, AC +20, big wings, negative energy resistance 1,
electricity resistance, torment resistance 1, petrification resistance, beak,
thin skeletal structure 1, clever 2, clumsy 1, deformed body, deterioration 1,
low MP 1, wild magic 1
0: Orb of Zot
}: 5/15 runes: decaying, slimy, silver, abyssal, gossamer
a: Renounce Religion


You escaped.
You worshipped Vehumet.
Vehumet was exalted by your worship.
You visited 12 branches of the dungeon, and saw 56 of its levels.
You visited the Abyss 2 times.
You also visited: Trove, Ossuary, Bailey, Gauntlet, Wizlab and Desolation.

You collected 14164 gold pieces.
You spent 2913 gold pieces at shops.

Inventory:

Hand Weapons
 b - the +10 eveningstar of the Coin {holy, rPois rCorr Dex+3}
   (You found it in the Desolation of Salt)

   Dex+3:     It affects your dexterity (+3).
   rPois:     It protects you from poison rCorr: It protects you from acid and
   corrosion.
 g - the +6 rapier of Douss {freeze, +Blink}
   (You took it off a deep elf elementalist on level 3 of the Elven Halls)

   +Blink:    It lets you blink.
Missiles
 k - 11 curare-tipped darts
 q - 6 throwing nets
 R - 5 silver javelins
Armour
 C - the +1 pair of gloves of the Gusle (worn) {Str+2 Dex+4 SInv}
   (You bought it in a shop on level 2 of the Orcish Mines)

   Str+2:     It affects your strength (+2).
   Dex+4:     It affects your dexterity (+4).
   SInv:      It lets you see invisible.
 G - the +10 ring mail "Lioluv" (worn) {rF+ rC+++ rN+ Dex-5}
   (You found it in the Desolation of Salt)

   Dex-5:     It affects your dexterity (-5).
   rF+:       It protects you from fire.
   rC+++:     It renders you almost immune to cold.
   rN+:       It protects you from negative energy.
 O - the +0 pair of boots of Poor Excuses (worn) {rF+ Regen+ Dex+5}
   (You found it on level 5 of the Pits of Slime)

   Dex+5:     It affects your dexterity (+5).
   rF+:       It protects you from fire.
   Regen+:    It increases your rate of health regeneration.
 Q - a scarf of resistance (worn)
   (You found it on level 15 of the Dungeon)
 W - the +1 helmet of the Bulwark {Dex+3}
   (You found it in the Desolation of Salt)

   Dex+3:     It affects your dexterity (+3).
 Y - a +4 kite shield of protection (worn)
   (You found it on level 1 of the Realm of Zot)
Magical Staves
 a - a staff of earth (weapon)
   (You found it in a Gauntlet)
Jewellery
 u - a ring of magical power (right hand)
   (You found it on level 3 of the Lair of Beasts)
 y - the amulet "Ivackob" (around neck) {RegenMP rN++ rCorr}
   (You bought it in a shop on level 11 of the Dungeon)

   [amulet of magic regeneration]

   RegenMP:   It increases your rate of magic regeneration.
   rN++:      It greatly protects you from negative energy.
   rCorr:     It protects you from acid and corrosion.
 L - the ring of Ruobbog (left hand) {rF+ Will+ Int+6}
   (You found it in the Desolation of Salt)

   [ring of intelligence]

   Int+6:     It affects your intelligence (+6).
   rF+:       It protects you from fire.
   Will+:     It increases your willpower.
Wands
 f - a wand of mindburst (44)
   (You found it on level 5 of the Pits of Slime)
 B - a wand of digging (31)
   (You found it on level 4 of the Dungeon)
 E - a wand of light (50)
   (You found it on level 6 of the Dungeon)
 K - a wand of flame (6)
   (You found it on level 4 of the Realm of Zot)
 S - a wand of charming (52)
   (You found it in a Gauntlet)
 T - a wand of iceblast (58)
   (You found it in a Gauntlet)
Scrolls
 j - 27 scrolls of teleportation
 m - 14 scrolls of blinking
 o - a scroll of silence
 x - 10 scrolls of immolation
 D - a scroll of amnesia
 I - 6 scrolls of fog
 J - 5 scrolls of fear
 M - 2 scrolls of vulnerability
 N - 10 scrolls of poison
 P - 5 scrolls of noise
 U - 6 scrolls of butterflies
Potions
 c - 6 potions of berserk rage
 d - 8 potions of invisibility
 e - 23 potions of curing
 h - 9 potions of cancellation
 i - 6 potions of brilliance
 l - 10 potions of lignification
 n - 5 potions of mutation
 p - 5 potions of magic
 s - 13 potions of ambrosia
 t - 7 potions of heal wounds
 v - 7 potions of enlightenment
 z - 7 potions of haste
 F - 11 potions of might
 H - 2 potions of resistance
Miscellaneous
 r - a sack of spiders
   (You found it on level 5 of the Vaults)
 w - a phantom mirror
   (You found it in the Desolation of Salt)
 A - a phial of floods
   (You found it on level 13 of the Dungeon)
 V - a tin of tremorstones (2/2)
   (You found it on level 3 of the Vaults)


   Skills:
 O Level 27 Fighting
 - Level 9.0 Maces & Flails
 - Level 12.4 Armour
 + Level 10.3 Dodging
 - Level 8.0 Stealth
 - Level 15.0 Shields
 + Level 15.6 Spellcasting
 - Level 19.5 Conjurations
 - Level 7.0 Hexes
 - Level 7.1 Necromancy
 - Level 11.2 Translocations
 - Level 14.0 Fire Magic
 - Level 10.4 Air Magic
 O Level 27 Earth Magic
 - Level 9.0 Alchemy
 - Level 7.7 Evocations


You had one spell level left.
You knew the following spells:

 Your Spells              Type           Power      Damage    Failure   Level
a - Sandblast             Erth           100%       2d20      1%          1
b - Iskenderun's Mystic   Conj/Tloc      100%       2d19      1%          4
c - Borgnjor's Vile Clut  Necr/Erth      87%        N/A       1%          5
d - Lehudib's Crystal Sp  Conj/Erth      96%        10d21     1%          8
e - Shatter               Erth           100%       3d71*     1%          9
f - Plasma Beam           Fire/Air       66%        2x1d82    1%          6
g - Orb of Destruction    Conj           77%        9d17      1%          7
h - Dispersal             Tloc           64%        N/A       7%          6
r - Lee's Rapid Deconstr  Erth           100%       3d44*     1%          5
v - Yara's Violent Unrav  Hex/Alch       57%        3d22      1%          5

Your spell library contained the following spells:

 Spells                   Type           Power      Damage    Failure   Level
 Apportation              Tloc           100%       N/A       1%          1
 Foxfire                  Conj/Fire      100%       2x1d9     1%          1
 Kiss of Death            Conj/Necr      100%       2d13      1%          1
 Magic Dart               Conj           100%       1d8       1%          1
 Necrotise                Necr           100%       1d9       1%          1
 Shock                    Conj/Air       100%       1d9       1%          1
 Slow                     Hex            100%       N/A       1%          1
 Sting                    Conj/Alch      100%       1d9       1%          1
 Summon Small Mammal      Summ           100%       N/A       4%          1
 Blink                    Tloc           100%       N/A       1%          2
 Ensorcelled Hibernation  Hex/Ice        100%       N/A       1%          2
 Jinxbite                 Hex            100%       N/A       1%          2
 Lesser Beckoning         Tloc           100%       N/A       1%          2
 Mercury Vapours          Alch/Air       100%       N/A       1%          2
 Scorch                   Fire           100%       2d9       1%          2
 Searing Ray              Conj           100%       2d8       1%          2
 Static Discharge         Conj/Air       100%       3-8/arc   1%          2
 Dazzling Flash           Conj/Hex       100%       N/A       1%          3
 Fugue of the Fallen      Necr           100%       N/A       1%          3
 Gell's Gravitas          Tloc           100%       N/A       1%          3
 Hailstorm                Conj/Ice       100%       3d16      1%          3
 Inner Flame              Hex/Fire       100%       N/A       1%          3
 Mephitic Cloud           Conj/Alch/Air  100%       N/A       1%          3
 Passwall                 Erth           100%       N/A       1%          3
 Stone Arrow              Conj/Erth      100%       3d13      1%          3
 Swiftness                Air            100%       N/A       1%          3
 Teleport Other           Tloc           100%       N/A       1%          3
 Tukima's Dance           Hex            100%       N/A       1%          3
 Vampiric Draining        Necr           100%       2d13      1%          3
 Volatile Blastmotes      Fire/Tloc      100%       2d18      1%          3
 Airstrike                Air            62%        2d(9-25)  1%          4
 Animate Armour           Summ/Erth      100%       N/A       1%          4
 Brom's Barrelling Bould  Conj/Erth      100%       2d11      1%          4
 Dimensional Bullseye     Hex/Tloc       60%        N/A       1%          4
 Flame Wave               Conj/Fire      100%       2d21      1%          4
 Fulminant Prism          Conj/Alch      69%        3d28      1%          4
 Ignite Poison            Fire/Alch      100%       N/A       1%          4
 Leda's Liquefaction      Alch/Erth      88%        N/A       1%          4
 Manifold Assault         Tloc           100%       N/A       1%          4
 Olgreb's Toxic Radiance  Alch           100%       N/A       1%          4
 Passage of Golubria      Tloc           100%       N/A       1%          4
 Petrify                  Alch/Erth      100%       N/A       1%          4
 Sticky Flame             Fire/Alch      100%       2d15      1%          4
 Vhi's Electric Charge    Tloc/Air       100%       N/A       1%          4
 Arcjolt                  Conj/Air       71%        1d81      1%          5
 Fireball                 Conj/Fire      73%        3d27      1%          5
 Freezing Cloud           Conj/Ice/Air   61%        6-21      1%          5
 Irradiate                Conj/Alch      69%        3d34      1%          5
 Iskenderun's Battlesphe  Conj           100%       2d15      1%          5
 Bombard                  Conj/Erth      96%        9d15      1%          6
 Conjure Ball Lightning   Conj/Air       71%        3x3d26    1%          6
 Starburst                Conj/Fire      73%        6d19      1%          6
 Anguish                  Hex/Necr       55%        N/A       2%          4
 Animate Dead             Necr           100%       N/A       2%          4
 Dispel Undead            Necr           100%       3d31      2%          4
 Frozen Ramparts          Ice            100%       1d16      3%          3
 Cause Fear               Hex            54%        N/A       3%          4
 Summon Blazeheart Golem  Fire/Summ      100%       N/A       3%          4
 Alistair's Intoxication  Alch           79%        N/A       3%          5
 Silence                  Hex/Air        59%        N/A       3%          5
 Eringya's Noxious Bog    Alch           59%        4d6       4%          6
 Summon Lightning Spire   Summ/Air       100%       N/A       5%          4
 Call Imp                 Summ           100%       N/A       7%          2
 Curse of Agony           Necr           100%       N/A       7%          5
 Martyr's Knell           Necr/Summ      89%        N/A       10%         4
 Call Canine Familiar     Summ           59%        N/A       12%         3
 Ozocubu's Armour         Ice            59%        N/A       12%         3
 Summon Ice Beast         Ice/Summ       59%        N/A       12%         3
 Summon Forest            Summ/Tloc      51%        N/A       12%         5
 Spellforged Servitor     Conj/Summ      61%        N/A       14%         7
 Ignition                 Fire           69%        3d18      19%         8
 Metabolic Englaciation   Hex/Ice        44%        N/A       24%         5
 Summon Mana Viper        Hex/Summ       89%        N/A       24%         5
 Death Channel            Necr           55%        N/A       30%         6
 Fire Storm               Conj/Fire      73%        8d19      58%         9
 Sculpt Simulacrum        Ice/Alch       47%        N/A       63%         6
 Enfeeble                 Hex            54%        N/A       83%         7
 Chain Lightning          Conj/Air       71%        3d94      83%         9
 Disjunction              Tloc           64%        N/A       90%         8
 Malign Gateway           Summ/Tloc      51%        N/A       95%         7
 Summon Cactus Giant      Summ           29%        N/A       99%         6
 Haunt                    Necr/Summ      44%        N/A       99%         7
 Ozocubu's Refrigeration  Ice            29%        4d14      99%         7
 Summon Hydra             Summ           29%        N/A       100%        7
 Borgnjor's Revivificati  Necr           55%        N/A       100%        8
 Infestation              Necr           55%        N/A       100%        8
 Death's Door             Necr           55%        N/A       100%        9
 Polar Vortex             Ice            29%        12d3*     100%        9
 Cigotuvi's Dreadful Rot  Necr/Alch/Air  Unusable   N/A       N/A         2
 Sublimation of Blood     Necr           Unusable   N/A       N/A         2

Dungeon Overview and Level Annotations

Branches:
Dungeon (15/15)            Temple (1/1) D:7            Lair (5/5) D:11
  Swamp (4/4) Lair:3       Spider (4/4) Lair:2        Slime (5/5) Lair:5
    Orc (2/2) D:10            Elf (3/3) Orc:2        Vaults (5/5) D:14
  Crypt (3/3) Vaults:3       Tomb (0/3) Crypt:3      Depths (4/4) D:15
    Zot (5/5) Depths:4    Ossuary (visited)          Bailey (visited)
 WizLab (visited)         Desolation (visited)      Gauntlet (visited)

Altars:
Ashenzari
Cheibriados
Dithmenos
Elyvilon
Fedhas
Gozag
Hepliaklqana
Kikubaaqudgha
Makhleb
Nemelex Xobeh
Okawaru
Qazlal
Ru
Sif Muna
Trog
Uskayaw
Vehumet
Wu Jian
Xom
Yredelemnul
Zin
The Shining One
Jiyva

Shops:
D:6 *   D:11 =(   D:12 *   D:14 [   D:15 *   Orc:2 =***!   Vaults:1 *
Vaults:3 (*

Portals:
Hell: Depths:1 Depths:2 Depths:3 Depths:4
Abyss: Depths:3
Pandemonium: Depths:2
Ziggurat: Depths:4

Annotations:
Slime:2 exclusion: upstairs
Elf:1 1 runed translucent door
Elf:2 5 runed translucent doors


Innate Abilities, Weirdness & Mutations

You are immune to sickness and miasma.
Your stone body is resilient. (AC +20)
You are immune to poison.
Your large and strong wings let you fly.
You resist negative energy. (rN+)
You are resistant to electric shocks. (rElec)
You are resistant to unholy torment.
You are immune to petrification.
You have a beak for a mouth.
You have a somewhat thin skeletal structure. (Dex +2, Stealth+)
Your mind is very acute. (Int +8, Str/Dex -2)
You are clumsy. (Dex -2)
Armour fits poorly on your strangely shaped body.
Your body sometimes deteriorates upon taking damage.
Your magical capacity is low. (-10% MP)
Your spells are a little harder to cast, but a little more powerful.


Message History

You block the sixfirhy's attack. x2
You block the sixfirhy's attack.
Items here: )) [[.
You block the sixfirhy's attack. x3
The sixfirhy hits you but does no damage.
The sixfirhy attacks as it pursues you! You block the sixfirhy's attack.
The sixfirhy misses you. You block the sixfirhy's attack.
The sixfirhy hits you but does no damage.
The sixfirhy barely misses you.
You hear a grinding noise.
You hear a grinding noise.
There is an escape hatch in the ceiling here.
Casting: Borgnjor's Vile Clutch (mildly dangerous; 1% risk of failure)
Confirm with . or Enter, or press ? or * to list all spells.
Okay, then.
Unknown command.
Unknown command.
You block the sixfirhy's attack. A mysterious force pulls you upwards.
The hatch slams shut behind you.
There is a stone staircase leading up here.
You fly upwards.
There is a stone staircase leading down here.
Casting: Borgnjor's Vile Clutch (mildly dangerous; 1% risk of failure)
Confirm with . or Enter, or press ? or * to list all spells.
You feel a surge of power!
The dungeon rumbles!
Ka-crash!
Casting: Shatter (dangerous; 1% risk of failure)
Confirm with . or Enter, or press ? or * to list all spells.
You feel a surge of power!
The dungeon rumbles!
Ka-crash!
There is a stone staircase leading up here.
You fly upwards.
There is a stone staircase leading down here.
Magic restored.
There is an open gate here.
There is a staircase leading out of the dungeon here.
What are your orders? t - Shout!
Orders for allies: a - Attack new target. r - Retreat! s - Stop attacking. g - Guard the area. f - Follow me.
Anything else - Cancel.
You shout for attention!
You feel very mighty all of a sudden.
You feel protected.
You fade into invisibility!
You feel yourself speed up.
You feel more buoyant.
You feel clever all of a sudden.
You have escaped!

#.# #.# #.# #♣ #.# #≈
#.## #≈ #... #≈♣♣♣ ####
#≈≈≈♣♣♣♣♣♣ #≈≈≈♣..P@♣
#≈≈~♣...♣♣ #≈≈~.....♣♣#
#≈≈~.......# ####
#≈≈~~.....P# #...
#≈≈≈~......# ###.##
#≈≈~......P# #...#
#≈≈~....♣.♣#########'''#
#≈≈~≈......♣P.P♣♣.##...##


There were no monsters in sight!

Vanquished Creatures
  the Royal Jelly (Slime:5)
  Dissolution (Slime:3)
  Frederick (Vaults:3)
  3 dread liches
  3 ancient liches
  7 orbs of fire
  Mara (Depths:1)
  A juggernaut (Depths:2)
  Sojobo (D:15)
  Vv (Zot:1)
  2 Killer Klowns (Zot:5)
  the Lernaean hydra (Swamp:4)
  5 curse toes
  2 caustic shrikes (Depths:2)
  Saint Roka (Elf:3)
  Nikola (Vaults:1)
  14 golden dragons
  Arachne (Spider:3)
  3 bone dragons
  4 electric golems
  3 hellephants
  20 tentacled monstrosities
  A walking crystal tome (Depths:2)
  A Hell Sentinel (D:11)
  5 liches
  An Ice Fiend (Zot:2)
  Mlioglotl (Swamp:3)
  10 titans
  23 Orb Guardians (Zot:5)
  A shard shrike skeleton (Crypt:3)
  A walking divine tome (Depths:2)
  2 walking frostbound tomes
  2 deep elf blademasters (Elf:3)
  9 sphinxes
  3 deep elf master archers (Elf:3)
  35 acid blobs
  5 ancient champions
  10 death cobs
  7 quicksilver dragons
  2 tentacled starspawn (Abyss:3)
  A kraken (Swamp:1)
  9 storm dragons
  8 tengu reavers
  Agnes (Spider:4)
  23 shadow dragons
  3 revenants
  11 azure jellies
  Aizul (Vaults:1)
  10 protean progenitors
  18 rockslimes
  18 frost giants
  3 draconian monks
  6 draconian knights
  13 fire giants
  5 iron dragons
  6 draconian scorchers
  2 imperial myrmidons (Desolation)
  6 draconian shifters
  4 emperor scorpions
  18 vault wardens
  7 deep elf elementalists (Elf:3)
  A spectral caustic shrike (WizLab)
  9 deep elf sorcerers
  4 balrugs
  A juggernaut zombie (Crypt:3)
  3 orc warlords
  A caustic shrike zombie (WizLab)
  14 ghost moths
  Louise (Spider:4)
  4 curse skulls
  4 draconian annihilators
  3 broodmothers
  12 ironbound preservers
  5 ghouls
  4 draconian stormcallers
  30 stone giants
  A caustic shrike skeleton (Crypt:1)
  19 quicksilver oozes
  6 spriggan defenders
  20 very ugly things
  5 vampire knights
  A reaper (Depths:1)
  14 formless jellyfish
  9 ironbound thunderhulks
  5 deep elf demonologists
  10 green draconians
  9 deep elf annihilators
  8 deep elf death magi
  8 purple draconians
  5 bunyips
  A spectral titan (WizLab)
  7 war gargoyles
  17 dire elephants
  13 yellow draconians
  The ghost of gelatine the Cleaver, a journeyman DsFi (Orc:2)
  6 eleionomae
  5 halazid warlocks
  6 black draconians
  9 spark wasps
  7 white draconians
  2 minotaurs
  12 red draconians
  5 eidola
  5 crystal guardians
  A blizzard demon (Zot:2)
  Snorg (D:14)
  4 ragged hierophants (Desolation)
  18 ettins
  A mummy priest (Crypt:3)
  7 jiangshi
  14 fire dragons
  8 great orbs of eyes
  4 deep elf high priests
  2 merfolk impalers
  17 yaktaur captains
  The ghost of Sobieck the Grappler, a journeyman NaSh of Cheibriados (D:8)
  A quicksilver dragon zombie (WizLab)
  8 rakshasas
  4 entropy weavers
  Josephine (Orc:1)
  3 catoblepae
  Erolcha (D:11)
  A ghost crab (Swamp:2)
  17 hydras
  2 servants of whispers (Desolation)
  8 peacekeepers
  11 ice dragons
  2 ogre magi
  38 vault guards
  9 ironbound frosthearts
  An anaconda (shapeshifter) (Vaults:5)
  4 centaur warriors
  A hell beast (Depths:4)
  8 alligators
  2 radroaches (Spider:1)
  8 spriggan air magi
  11 two-headed ogres
  6 jorogumos
  10 dancing weapons
  4 boulder beetles
  5 death knights
  4 death yaks
  A satyr (Zot:1)
  An Orb Guardian skeleton (Crypt:2)
  10 deep troll shamans
  A hell hog (D:11)
  9 deep troll earth magi
  18 tengu warriors
  15 demonic crawlers
  2 thrashing horrors (Abyss:3)
  A titan zombie (Crypt:3)
  8 vampire magi
  Sonja (Orc:1)
  3 occultists
  11 spriggan berserkers
  3 soul eaters
  2 wretched stars (Abyss:3)
  3 orc high priests (Orc:2)
  7 skysharks
  4 sun demons
  Nergalle (Orc:1)
  7 shadow wraiths
  A sixfirhy (Abyss:3)
  13 hell knights
  14 deep elf knights
  43 skeletal warriors
  A skyshark (shapeshifter) (Depths:2)
  16 iron trolls
  A spatial maelstrom (Abyss:3)
  9 orb spiders
  3 pharaoh ants
  4 spriggan druids
  A deep troll (shapeshifter) (Vaults:5)
  11 swamp dragons
  8 glowing orange brains
  8 arcanists
  34 deep trolls
  A spark wasp zombie (WizLab)
  A storm dragon skeleton (Crypt:3)
  5 goliath frogs
  9 flayed ghosts
  A mana viper (shapeshifter) (Vaults:5)
  A golden dragon skeleton (Crypt:1)
  12 bog bodies
  5 large abominations (Abyss:3)
  A mana viper (Abyss:3)
  18 phantasmal warriors
  9 lindwurms
  A sun moth (D:14)
  3 steelbarb worms (Spider:3)
  17 deep elf archers
  9 starcursed masses (Abyss:3)
  17 ironbound convokers
  2 wolf spider zombies (WizLab)
  5 necromancers
  29 deep elf zephyrmancers
  An iron dragon zombie (Crypt:1)
  25 moths of wrath
  12 orc knights
  10 shining eyes
  35 deep elf pyromancers
  16 wolf spiders
  4 will-o-the-wisps
  37 ugly things
  4 orc sorcerers (Orc:2)
  A manticore (D:13)
  4 cyclopes
  A worldbinder (Abyss:3)
  6 meliai
  14 elephants
  A water nymph (shapeshifter) (Vaults:5)
  An eye of devastation (shapeshifter) (Depths:2)
  6 guardian serpents (Desolation)
  9 torpor snails
  A stone giant skeleton (Crypt:3)
  A molten gargoyle (D:12)
  A fire giant skeleton (Crypt:1)
  4 black mambas
  A dire elephant zombie (Crypt:3)
  2 kobold blastminers (Orc:2)
  13 vault sentinels
  Joseph (D:10)
  9 smoke demons
  An eleionoma skeleton (Crypt:1)
  12 gargoyles
  A centaur skeleton (Crypt:3)
  15 cane toads
  A hellion (D:12)
  A cane toad (shapeshifter) (D:14)
  2 eyes of devastation (Slime:5)
  2 kobold demonologists
  An orange demon (Abyss:3)
  A yaktaur (shapeshifter) (Depths:4)
  25 yaktaurs
  3 freezing wraiths
  3 komodo dragons
  An unseen horror (D:11)
  An ice devil (Zot:5)
  3 guardian mummies (Crypt:3)
  9 rime drakes
  2 efreet (Zot:3)
  3 alligator snapping turtle skeletons
  3 spectral harpies (WizLab)
  5 tengu conjurers
  2 polar bears
  A queen bee (Lair:4)
  7 trolls
  A harpy zombie (WizLab)
  22 hornets
  A red draconian skeleton (Crypt:2)
  3 bloated husks
  A troll (shapeshifter) (D:15)
  Grinder (D:5)
  33 tarantellas
  A sun moth zombie (Crypt:2)
  12 tyrant leeches
  2 spriggan zombies (WizLab)
  39 saltlings (Desolation)
  Prince Ribbit (D:6)
  11 blink frogs
  8 raiju (Abyss:3)
  100 slime creatures
  6 dream sheep
  A glass eye (shapeshifter) (Depths:2)
  3 glass eyes
  Sigmund (D:2)
  9 water elementals
  24 jumping spiders
  A centaur simulacrum (D:15)
  A spriggan (shapeshifter) (D:15)
  An ettin skeleton (Crypt:3)
  12 shadows
  12 culicivoras
  9 wyverns
  13 wraiths
  A black mamba skeleton (Crypt:1)
  39 yaks
  24 spriggans
  25 humans
  8 basilisks
  An ushabti (Crypt:3)
  2 fire elementals (Elf:2)
  6 golden eyes
  3 neqoxecs (Abyss:3)
  53 redbacks
  3 steam dragons
  4 wargs
  Grum (D:10)
  Menkaure (D:4)
  16 vampire mosquitoes
  A chaos spawn (Abyss:3)
  A spatial vortex (Abyss:3)
  A naga zombie (Crypt:3)
  8 swamp worms
  5 acid dragons
  13 water moccasins
  A merfolk skeleton (Crypt:1)
  A deep troll skeleton (Crypt:3)
  Duvessa (D:4)
  A swamp worm (shapeshifter) (D:15)
  5 black bears
  An ice beast (D:5)
  27 orc warriors
  2 naga skeletons (Crypt:3)
  2 sky beasts
  9 swamp drakes
  21 laughing skulls
  4 boggarts (Vaults:1)
  13 wolves
  16 ogres
  4 kobold brigands
  6 centaurs
  A weeping skull (Abyss:3)
  A necrophage (Swamp:4)
  3 gnoll sergeants
  4 small abominations (Abyss:3)
  19 bullfrogs
  An earth elemental (Elf:2)
  A komodo dragon skeleton (Crypt:2)
  A naga simulacrum (Abyss:3)
  3 scorpions
  4 wights
  45 killer bees
  Dowan (D:4)
  A spriggan skeleton (Crypt:2)
  3 howler monkeys
  15 electric eels
  A bombardier beetle (D:6)
  A centaur zombie (Crypt:2)
  2 bullfrog zombies (Ossuary)
  16 orc priests
  6 hounds
  A jelly (D:6)
  2 sleepcaps (D:6)
  A gnoll bouda (D:6)
  A human skeleton (Crypt:2)
  5 iguanas
  An iguana (shapeshifter) (Vaults:5)
  28 orc wizards
  2 hell rats
  4 crocodile zombies (Ossuary)
  An acid dragon zombie (Crypt:1)
  A crocodile skeleton (Crypt:2)
  6 hound zombies (Ossuary)
  9 mummies
  7 howler monkey zombies (Ossuary)
  5 adders
  17 gnolls
  2 white imps
  10 ufetubi
  An adder zombie (Crypt:1)
  4 ribbon worms
  72 orcs
  7 ball pythons
  A bat zombie (Crypt:1)
  9 endoplasms
  A giant cockroach (D:2)
  10 goblins
  10 hobgoblins
  27 kobolds
  5 quokkas
  8 ball python zombies (Ossuary)
  3 bats
  A frilled lizard (D:3)
  A frilled lizard skeleton (Crypt:2)
  A goblin skeleton (Crypt:2)
  A hobgoblin skeleton (Crypt:2)
  5 rats
  A river rat zombie (Crypt:1)
  13 aspiring fleshes
  3 starspawn tentacles (Abyss:3)
  A tentacle (Swamp:1)
2751 creatures vanquished.

Vanquished Creatures (collateral kills)
  4 boulders
4 creatures vanquished.

Vanquished Creatures (others)
  A fire giant (Depths:4)
  A deep elf knight (Elf:3)
  An orc sorcerer (Orc:2)
  An air elemental (Elf:2)
  6 boulders
  14 foxfires
  67 fulminant prisms
  3 starspawn tentacles (Abyss:3)
  13 tentacles (Swamp:1)
107 creatures vanquished.

Grand Total: 2862 creatures vanquished

Notes
Turn   | Place    | Note
-------+----------+-------------------------------------------
     0 | D:1      | snackwell the Gargoyle Earth Elementalist began the quest
                  | for the Orb.
     0 | D:1      | Reached XP level 1. HP: 10/10 MP: 3/3
   196 | D:1      | Reached XP level 2. HP: 15/15 MP: 3/5
  1249 | D:2      | Reached XP level 3. HP: 19/19 MP: 4/6
  1253 | D:2      | Learned a level 3 spell: Stone Arrow
  1864 | D:2      | Noticed Sigmund
  2095 | D:3      | Reached XP level 4. HP: 24/24 MP: 5/7
  2296 | D:3      | Reached skill level 5 in Earth Magic
  2947 | D:4      | Found a sand-covered staircase.
  2952 | Ossuary  | Entered an ossuary
  2958 | Ossuary  | Reached XP level 5. HP: 28/28 MP: 5/9
  3297 | Ossuary  | Reached XP level 6. HP: 20/32 MP: 5/10
  3851 | Ossuary  | Reached XP level 7. HP: 34/36 MP: 12/12
  4036 | D:4      | Found a sacrificial altar of Ru.
  4187 | D:4      | Reached skill level 5 in Conjurations
  4284 | D:4      | Noticed Dowan
  4937 | D:4      | Noticed Duvessa
  5302 | D:4      | Killed Duvessa
  5304 | D:4      | Killed Dowan
  5406 | D:5      | Entered Level 5 of the Dungeon
  5544 | D:4      | Reached XP level 8. HP: 21/41 MP: 2/14
  5662 | D:5      | Noticed Menkaure
  5668 | D:4      | Killed Menkaure
  5669 | D:4      | Reached skill level 1 in Fighting
  5751 | D:5      | Noticed Grinder
  5759 | D:5      | Killed Grinder
  6140 | D:5      | Found a bloodstained altar of Trog.
  6567 | D:6      | Reached XP level 9. HP: 52/52 MP: 13/15
  7228 | D:6      | Noticed Prince Ribbit
  7235 | D:6      | Killed Prince Ribbit
  7236 | D:6      | Reached skill level 5 in Fighting
  7301 | D:6      | Found Xedu's General Store.
  7309 | D:6      | Bought a potion of heal wounds for 70 gold pieces
  7422 | D:6      | Reached skill level 10 in Earth Magic
  8098 | D:7      | Found a hazy altar of Hepliaklqana.
  8150 | D:7      | Found a flagged portal.
  8164 | Bailey   | Entered a bailey
  8263 | Bailey   | Reached XP level 10. HP: 21/61 MP: 3/16
  8514 | Bailey   | Learned a level 4 spell: Brom's Barrelling Boulder
  8519 | Bailey   | Learned a level 4 spell: Iskenderun's Mystic Blast
  8561 | Bailey   | Reached skill level 1 in Translocations
  8672 | Bailey   | Noticed a vault guard
  8690 | Bailey   | Killed a vault guard
  8691 | Bailey   | Reached skill level 10 in Conjurations
  8793 | Bailey   | Noticed a vault guard
  8859 | Bailey   | Killed a vault guard
  9196 | D:7      | Reached XP level 11. HP: 62/68 MP: 10/17
  9292 | D:7      | Found a staircase to the Ecumenical Temple.
  9303 | Temple   | Entered the Ecumenical Temple
  9314 | Temple   | Became a worshipper of Vehumet
  9328 | D:7      | Reached skill level 5 in Translocations
 10425 | D:8      | Found a runed translucent door.
 10427 | D:8      | Identified the +4 trident of Miadeamm {vamp, rN+ rCorr}
 10427 | D:8      | Noticed Sobieck's ghost (journeyman NaSh)
 10584 | D:8      | Found an opulent altar of Gozag.
 10815 | D:9      | Reached skill level 1 in Shields
 10861 | D:9      | Noticed a two-headed ogre
 11095 | D:9      | Killed a two-headed ogre
 11492 | D:9      | Found a faded altar of an unknown god.
 11492 | D:9      | Found a blossoming altar of Fedhas.
 11511 | D:9      | Found a faded altar of an unknown god.
 11513 | D:9      | Found a shimmering blue altar of Sif Muna.
 11515 | D:9      | Found a burning altar of Makhleb.
 11883 | D:10     | Entered Level 10 of the Dungeon
 11887 | D:9      | Reached * piety under Vehumet
 11887 | D:9      | Offered knowledge of Foxfire by Vehumet.
 12136 | D:10     | Noticed Joseph
 12144 | D:10     | Killed Joseph
 12377 | D:10     | Noticed a vault guard
 12397 | D:10     | Killed a vault guard
 12534 | D:10     | Found a portal to a secret trove of treasure.
 13008 | D:10     | Found a staircase to the Orcish Mines.
 13061 | D:10     | Reached ** piety under Vehumet
 13080 | D:10     | Offered knowledge of Shock by Vehumet.
 13084 | D:10     | Reached skill level 5 in Spellcasting
 13152 | D:10     | Noticed Grum
 13159 | D:10     | Killed Grum
 13297 | D:11     | Found a staircase to the Lair.
 13388 | D:10     | Reached XP level 12. HP: 41/75 MP: 7/20
 13500 | D:11     | Noticed a soul eater
 13686 | D:11     | Noticed Erolcha
 13832 | D:11     | Found Ketob's Weapon Emporium.
 13990 | D:11     | Offered knowledge of Dazzling Flash by Vehumet.
 14005 | D:11     | Killed Erolcha
 14157 | D:11     | Found Hasm's Jewellery Shop.
 14287 | D:11     | Noticed a boulder beetle
 14297 | D:11     | Killed a boulder beetle
 14639 | Lair:1   | Entered Level 1 of the Lair of Beasts
 14669 | Lair:1   | Reached *** piety under Vehumet
 14675 | Lair:1   | Learned a level 4 spell: Fulminant Prism
 15053 | Lair:1   | Reached skill level 1 in Alchemy
 15623 | Lair:1   | Offered knowledge of Olgreb's Toxic Radiance by Vehumet.
 15629 | Lair:1   | Learned a level 4 spell: Olgreb's Toxic Radiance
 15972 | Lair:2   | Identified the +1 spear of Athrofutuo {pain, rF+}
 16172 | Lair:2   | Found a gate leading to a gauntlet.
 16182 | Gauntlet | Entered a Gauntlet
 16182 | Gauntlet | Found a transporter.
 16182 | Gauntlet | Found a transporter.
 16182 | Gauntlet | Found a transporter.
 16187 | Gauntlet | Found a transporter.
 16202 | Gauntlet | Found a transporter.
 16202 | Gauntlet | Noticed a balrug
 16268 | Gauntlet | Found a transporter.
 16278 | Gauntlet | Found a transporter.
 16291 | Gauntlet | Found a transporter.
 16300 | Gauntlet | Found a transporter.
 16319 | Gauntlet | Found a transporter.
 16332 | Gauntlet | Found a transporter.
 16338 | Gauntlet | Found a transporter.
 16454 | Gauntlet | HP: 3/77 [something (19)]
 16456 | Gauntlet | Reached skill level 10 in Fighting
 16794 | Gauntlet | Identified the staff "Undertaker" {rN+ Int+4 Stlth+ Necro}
 16796 | Gauntlet | Identified the ring "Ureh" {rCorr Dex+3 SInv Stlth-}
 16821 | Gauntlet | Noticed a minotaur
 16828 | Gauntlet | Killed a minotaur
 17061 | Lair:2   | Found a hole to the Spider Nest.
 17124 | Lair:2   | Noticed a skyshark
 17134 | Lair:2   | Killed a skyshark
 17135 | Lair:2   | Reached XP level 13. HP: 78/82 MP: 8/24
 17290 | Lair:2   | You fall into a shaft and drop 1 floor!
 17413 | Lair:3   | Learned a level 5 spell: Lee's Rapid Deconstruction
 18859 | Lair:3   | Reached skill level 5 in Alchemy
 19160 | Lair:3   | Found a staircase to the Swamp.
 19163 | Lair:3   | Reached **** piety under Vehumet
 19776 | Lair:4   | Offered knowledge of Airstrike by Vehumet.
 20481 | Lair:4   | Reached ***** piety under Vehumet
 20493 | Lair:4   | Offered knowledge of Arcjolt by Vehumet.
 20642 | Lair:4   | Reached skill level 10 in Spellcasting
 21022 | Lair:4   | Gained mutation: Your large and strong wings let you fly.
                  | [Gargoyle growth]
 21022 | Lair:4   | Reached XP level 14. HP: 88/88 MP: 27/28
 21808 | Lair:5   | Entered Level 5 of the Lair of Beasts
 21817 | Lair:5   | Found a staircase to the Slime Pits.
 22153 | Lair:5   | Identified the +0 robe of Divine Compulsion {Str+3 Int+2}
 23193 | Lair:5   | Identified the +3 short sword of Symmetry {drain, MP+9
                  | Dex+3 SInv}
 24024 | Orc:1    | Entered Level 1 of the Orcish Mines
 24027 | Orc:1    | Noticed Nergalle
 24036 | Orc:1    | Killed Nergalle
 24038 | Orc:1    | Offered knowledge of Plasma Beam by Vehumet.
 24047 | Orc:1    | Learned a level 6 spell: Plasma Beam
 24071 | Orc:1    | You are sucked into a shaft and drop 1 floor!
 24071 | Orc:2    | Entered Level 2 of the Orcish Mines
 24100 | Orc:2    | Reached skill level 1 in Fire Magic
 24144 | Orc:2    | Found a staircase to the Elven Halls.
 24148 | Orc:2    | Reached skill level 1 in Air Magic
 24315 | Orc:1    | Noticed Sonja
 24323 | Orc:1    | Killed Sonja
 24324 | Orc:1    | Reached XP level 15. HP: 92/94 MP: 31/31
 24548 | Orc:2    | Noticed Josephine
 24563 | Orc:1    | Killed Josephine
 24697 | Orc:2    | Found Oshrakit's Jewellery Boutique.
 24826 | Orc:2    | Found a runed translucent gate.
 24827 | Orc:2    | Found a runed translucent gate.
 24838 | Orc:2    | Noticed gelatine's ghost (journeyman DsFi)
 24858 | Orc:2    | Found a runed translucent gate.
 25182 | Orc:2    | Offered knowledge of Freezing Cloud by Vehumet.
 25315 | Orc:2    | Found Sargh's Distillery.
 25315 | Orc:2    | Found Hegebidi's General Store.
 25316 | Orc:2    | Found Yvasch's General Store.
 25316 | Orc:2    | Found Woar's General Store.
 25414 | Orc:2    | Bought the +1 pair of gloves of the Gusle {Str+2 Dex+4
                  | SInv} for 532 gold pieces
 25626 | D:12     | Reached skill level 5 in Fire Magic
 26120 | D:12     | Found Vabu's Elemental Accessories.
 26287 | D:12     | Reached skill level 5 in Air Magic
 27146 | D:14     | Offered knowledge of Bombard by Vehumet.
 27251 | D:14     | Found a gate to the Vaults.
 27282 | D:14     | Learned a level 6 spell: Bombard
 27317 | D:14     | Reached XP level 16. HP: 100/100 MP: 32/32
 27469 | D:14     | Identified the +4 whip of Epumud {antimagic, Str+3}
 27517 | D:14     | Noticed Nessos
 27527 | D:14     | Nessos changed into Nessos the sun moth
 27527 | D:14     | Noticed Nessos
 27534 | D:14     | Killed Nessos the sun moth
 27886 | D:14     | Noticed Snorg
 27916 | D:14     | Killed Snorg
 28033 | D:14     | Found Ikusuusoy's Antique Armour Shoppe.
 28937 | D:15     | Entered Level 15 of the Dungeon
 29184 | D:15     | Found Xuarodau's CLEARANCE SALE!.
 29193 | D:15     | Bought a potion of haste for 50 gold pieces
 29680 | D:15     | Reached ****** piety under Vehumet
 29680 | D:15     | Offered knowledge of Starburst by Vehumet.
 29695 | D:15     | Found a staircase to the Depths.
 29910 | Lair:1   | Upgraded the game from 0.31.0-9-g3a7656b989 to
                  | 0.31.0-10-gcf4a605ca0
 30129 | D:2      | Killed Sigmund
 30393 | D:8      | Killed Sobieck's ghost
 30812 | Orc:2    | Killed gelatine's ghost
 31047 | Swamp:1  | Entered Level 1 of the Swamp
 31129 | Swamp:1  | Reached skill level 1 in Evocations
 31132 | Swamp:1  | Reached skill level 10 in Fire Magic
 31448 | Swamp:1  | Noticed a kraken
 31673 | Swamp:1  | Killed a kraken
 32193 | Swamp:2  | Reached XP level 17. HP: 104/104 MP: 31/33
 33468 | Swamp:4  | Entered Level 4 of the Swamp
 33491 | Swamp:4  | Noticed Mlioglotl
 33595 | Swamp:3  | Killed Mlioglotl
 33844 | Swamp:4  | Offered knowledge of Orb of Destruction by Vehumet.
 33961 | Swamp:4  | Reached skill level 10 in Air Magic
 34421 | Swamp:4  | Noticed the 27-headed Lernaean hydra
 34431 | Swamp:4  | Killed the 27-headed Lernaean hydra
 34432 | Swamp:4  | Reached skill level 5 in Evocations
 34453 | Swamp:4  | Got a decaying rune of Zot
 35114 | Spider:1 | Entered Level 1 of the Spider Nest
 35635 | Spider:1 | Reached XP level 18. HP: 95/112 MP: 34/34
 35685 | Spider:1 | Offered knowledge of Maxwell's Capacitive Coupling by
                  | Vehumet.
 35893 | Spider:1 | Identified the +1 trident of Discord {drain, Will- rCorr
                  | Dex+2}
 38344 | Spider:4 | Entered Level 4 of the Spider Nest
 38351 | Spider:4 | Offered knowledge of Fire Storm by Vehumet.
 38351 | Spider:4 | Offered knowledge of Shatter by Vehumet.
 38351 | Spider:4 | Offered knowledge of Chain Lightning by Vehumet.
 38381 | Spider:4 | Noticed Louise
 38383 | Spider:4 | Reached skill level 15 in Earth Magic
 38685 | Abyss:3  | Cast into level 3 of the Abyss (Louise)
 38732 | Abyss:3  | Noticed a dread lich
 38940 | Abyss:3  | Found a corrupted altar of Lugonu.
 38989 | Abyss:3  | Reached skill level 5 in Stealth
 39124 | Abyss:3  | Found a corrupted altar of Lugonu.
 39124 | Abyss:3  | Noticed a lich
 39240 | Abyss:3  | Noticed a bone dragon
 39273 | Abyss:3  | Killed a bone dragon
 39276 | Spider:4 | Escaped the Abyss
 39428 | Spider:4 | Killed Louise
 39505 | Spider:4 | Noticed Agnes
 39580 | Spider:4 | Killed Agnes
 39581 | Spider:4 | Reached XP level 19. HP: 92/119 MP: 35/35
 40243 | Spider:4 | Noticed Arachne
 40261 | Spider:3 | Killed Arachne
 41042 | Spider:4 | Got a gossamer rune of Zot
 41381 | Elf:1    | Entered Level 1 of the Elven Halls
 41381 | Elf:1    | Found a runed translucent gate.
 41381 | Elf:1    | Found a runed translucent gate.
 41381 | Elf:1    | Found a runed translucent gate.
 41381 | Elf:1    | Found a runed translucent gate.
 41381 | Elf:1    | Found a runed translucent gate.
 41381 | Elf:1    | Found a runed translucent gate.
 41382 | Elf:1    | Found a runed translucent door.
 41399 | Elf:1    | Found a runed translucent door.
 42284 | Elf:1    | Learned a level 5 spell: Yara's Violent Unravelling
 42290 | Elf:1    | Learned a level 5 spell: Borgnjor's Vile Clutch
 42371 | Elf:1    | You are sucked into a shaft and drop 1 floor!
 42382 | Elf:2    | Found a huge runed translucent gate.
 42382 | Elf:2    | Found a huge runed translucent gate.
 42382 | Elf:2    | Found a huge runed translucent gate.
 42382 | Elf:2    | Found a huge runed translucent gate.
 42382 | Elf:2    | Found a huge runed translucent gate.
 42489 | Elf:2    | Reached skill level 1 in Hexes
 42502 | Elf:2    | Reached skill level 1 in Necromancy
 43196 | Elf:1    | Got the Notes on Injury and Leadership
 43653 | Elf:2    | Identified the +9 plate armour of Igu Hau {Regen+ Dex+3
                  | Stlth+}
 43788 | Elf:3    | Entered Level 3 of the Elven Halls
 43835 | Elf:3    | Reached XP level 20. HP: 89/128 MP: 3/36
 44009 | Elf:3    | Noticed Saint Roka
 44022 | Elf:3    | Killed Saint Roka
 44931 | Elf:3    | Identified the +7 broad axe "Susch" {flame, Int+5 Stlth+}
 44946 | Elf:3    | Reached skill level 5 in Hexes
 45143 | Elf:3    | Reached skill level 5 in Necromancy
 45296 | Elf:3    | Identified the ring of Puzanic {^Contam rElec rPois rF+
                  | Stlth+}
 45355 | Elf:3    | Identified the +6 chain mail "Kexiepta" {Will+ Dex+3}
 45357 | Elf:3    | Identified the amulet of Yxogulai {Faith rN+ Str-2 Stlth+}
 45479 | Elf:3    | Identified the +6 morningstar of Lazoicuuc {flame, rN+}
 45522 | Elf:3    | Identified the +6 rapier of Douss {freeze, +Blink}
 45642 | Elf:3    | Identified the staff "Daghot" {rN+ Str+2 Int+3 Necro Ice
                  | Air}
 45962 | Vaults:1 | Entered Level 1 of the Vaults
 45995 | Vaults:1 | Noticed Nikola
 46000 | Vaults:1 | Killed Nikola
 46017 | Vaults:1 | Found Feilomu's General Store.
 46025 | Vaults:1 | Bought a potion of magic for 112 gold pieces
 46094 | Vaults:1 | Found a crumbling gateway.
 46128 | Desolati | Entered the Desolation of Salt
 46337 | Desolati | Identified the +10 ring mail "Lioluv" {rF+ rC+++ rN+ Dex-5}
 46340 | Desolati | Identified the ring of the Jester {rElec SInv}
 46343 | Desolati | Identified the +1 pair of boots "Xennomeux" {Harm rN+
                  | Will-}
 46348 | Desolati | Identified the +8 dagger of the Depths {freeze, Str+3}
 46468 | Desolati | Identified the amulet "Gaobon" {RegenMP ^Drain rPois rN+
                  | rCorr}
 46523 | Desolati | Identified the ring of Ruobbog {rF+ Will+ Int+6}
 46527 | Desolati | Got the Compilation of Intuition
 46582 | Desolati | Reached skill level 1 in Armour
 46708 | Desolati | Identified the +10 eveningstar of the Coin {holy, rPois
                  | rCorr Dex+3}
 46710 | Desolati | Identified the +1 robe of Words of Power {rF+ Dex+2 Stlth+}
 46714 | Desolati | Identified the +1 helmet of the Bulwark {Dex+3}
 47251 | Vaults:1 | Identified the serpent talisman of Giyxzujo {Will++ rCorr
                  | Int-4}
 47251 | Vaults:1 | Noticed Aizul
 47259 | Vaults:1 | Killed Aizul
 47260 | Vaults:1 | Reached XP level 21. HP: 124/133 MP: 26/37
 47452 | Vaults:1 | Reached skill level 5 in Armour
 47517 | Vaults:1 | Reached skill level 15 in Fighting
 48808 | Vaults:2 | Found a magical portal.
 48813 | WizLab   | Entered Borgnjor's Mausoleum
 48842 | WizLab   | Reached skill level 1 in Maces & Flails
 49157 | WizLab   | Reached skill level 5 in Dodging
 49523 | WizLab   | Reached skill level 10 in Armour
 49704 | WizLab   | Got Uplutit's Opusculum on Gloom
 51026 | Vaults:2 | Reached XP level 22. HP: 128/140 MP: 38/38
 51203 | Vaults:2 | Reached skill level 5 in Maces & Flails
 51940 | Vaults:3 | Found Gyresm's Assorted Antiques.
 51948 | Vaults:3 | Bought a scroll of blinking for 307 gold pieces
 52233 | Vaults:3 | Identified the ring of Ehuifoj {rElec Will+}
 53322 | Vaults:3 | Found a staircase to the Crypt.
 53677 | Vaults:3 | Found Reucw's Weapon Shoppe.
 54252 | Vaults:4 | Reached skill level 10 in Dodging
 54719 | Vaults:4 | Identified the +9 mace "Impbane" {flame, *Slow rN+ Will+
                  | rCorr}
 55668 | D:12     | Bought Lee's Tome of Geomancy for 360 gold pieces
 55828 | Slime:1  | Entered Level 1 of the Pits of Slime
 56116 | Slime:2  | Reached XP level 23. HP: 140/144 MP: 14/39
 56518 | Slime:2  | Reached skill level 15 in Conjurations
 56630 | Slime:2  | Gained mutation: You sometimes lose your temper in combat.
                  | [a shining eye]
 57453 | Slime:4  | Noticed Dissolution
 57463 | Slime:3  | Killed Dissolution
 57535 | Slime:5  | Entered Level 5 of the Pits of Slime
 57676 | Slime:5  | Gained mutation: You are clumsy. (Dex -2) [a shining eye]
 57930 | Slime:5  | Gained mutation: Your magical capacity is low. (-10% MP) [a
                  | shining eye]
 58292 | Slime:5  | Noticed the Royal Jelly
 58672 | Slime:5  | Found a viscous altar of Jiyva.
 58686 | Slime:5  | Identified 3 scrolls of acquirement
 58760 | Slime:5  | Killed the Royal Jelly
 59378 | Slime:5  | Identified the +2 robe of Iwkigg {rF+ rC+ Dex-5}
 59381 | Slime:5  | Identified the +1 leather armour of the Slorg {rC+ Dex+2
                  | Slay+3}
 59384 | Slime:5  | Identified the +3 spear of Eclaigoepp {freeze, rF+ Str+3
                  | Int-3}
 59409 | Slime:5  | Got Vehumet's Tractate on Blasting
 59411 | Slime:5  | Got a slimy rune of Zot
 59413 | Slime:5  | Identified the staff of Courage {rN+ Str-4 Stlth+ Hexes
                  | Necro}
 59417 | Slime:5  | Got the Handbook of the Last Artisans
 59452 | Slime:5  | Identified the +0 pair of boots of Poor Excuses {rF+ Regen+
                  | Dex+5}
 59454 | Slime:5  | Identified the +6 plate armour of Muttered Phrases {Rampage
                  | ^Drain rPois}
 59668 | Lair:1   | Acquired 1267 gold pieces
 59669 | Lair:1   | Acquired 1028 gold pieces
 59670 | Lair:1   | Acquired 569 gold pieces
 59698 | Lair:1   | Learned a level 9 spell: Shatter
 59848 | Crypt:1  | Entered Level 1 of the Crypt
 59848 | Crypt:1  | Identified the orb "Aloxue Nufa" {*channel, Will+ Int+3}
 59848 | Crypt:1  | Noticed Frederick
 60004 | Vaults:3 | Killed Frederick
 60087 | Crypt:1  | Reached XP level 24. HP: 150/150 MP: 17/36
 62055 | Crypt:3  | Entered Level 3 of the Crypt
 62711 | Crypt:3  | Got the Notes on the Salvo and Stolen Souls
 62739 | Crypt:3  | Identified the +6 chain mail "Huemezy" {Will+ Int+4 Dex-3
                  | Slay+6}
 62948 | Crypt:3  | Got the Discourse on Dark Arts
 63700 | Crypt:3  | Found a staircase to the Tomb.
 63711 | Crypt:3  | Noticed an ancient lich
 63716 | Crypt:3  | Killed an ancient lich
 63773 | Crypt:3  | Identified the +1 ring mail of Starshine {rPois MP+9 Str+3}
 64289 | Depths:1 | Entered Level 1 of the Depths
 64290 | Depths:1 | Noticed Mara
 64294 | Depths:1 | Killed Mara
 64380 | Depths:1 | Noticed Sojobo
 64443 | Depths:1 | Paralysed by an air elemental for 1 turns
 64467 | Depths:1 | Paralysed by an air elemental for 1 turns
 64525 | Depths:1 | Reached XP level 25. HP: 89/157 MP: 36/36
 64698 | D:15     | Killed Sojobo
 64845 | Depths:1 | Found a runed translucent door.
 65168 | Depths:1 | Found a gateway to Hell.
 66139 | Depths:2 | Found a runed translucent door.
 67099 | Depths:2 | You are sucked into a shaft and drop 1 floor!
 67245 | Depths:3 | Reached XP level 26. HP: 145/170 MP: 14/36
 67443 | Depths:2 | Reached skill level 27 in Earth Magic
 67466 | Depths:2 | Found a blossoming altar of Fedhas.
 67576 | Depths:2 | Learned a level 8 spell: Lehudib's Crystal Spear
 67798 | Depths:2 | Identified the ring "Afigep" {Ice rElec rN+ Dex+3 Stlth+}
 68304 | Depths:2 | Found a one-way gate leading to the halls of Pandemonium.
 68317 | Depths:2 | Noticed a juggernaut
 68321 | Depths:2 | Killed a juggernaut
 69195 | Depths:3 | Found a one-way gate to the infinite horrors of the Abyss.
 69604 | Depths:3 | Identified the +3 quarterstaff of the Unbearable God
                  | {spect, Will- Dex+4}
 69793 | Depths:4 | Entered Level 4 of the Depths
 70609 | Depths:4 | Found a one-way gateway to a ziggurat.
 71114 | D:10     | You paid a toll of +4 shadow dragon scales to enter a
                  | treasure trove
 71115 | Trove    | Entered a treasure trove
 71133 | Trove    | Got Practical Magic
 71149 | Trove    | Got the Writings on Guile
 71158 | Trove    | Got Sif Muna's Guide on Transfiguration and Bolts
 71165 | Trove    | Got the Discursus on Vapourous Combat Magic
 71171 | Trove    | Got Zeemnoik's Handbook of the Excursion and the Elixir
 71177 | Trove    | Got Sif Muna's Quarto of Windy Energy
 71316 | Orc:2    | Bought a potion of brilliance for 56 gold pieces
 71316 | Orc:2    | Bought a potion of mutation for 112 gold pieces
 71316 | Orc:2    | Bought a potion of brilliance for 56 gold pieces
 71316 | Orc:2    | Bought a potion of heal wounds for 70 gold pieces
 71316 | Orc:2    | Bought a potion of brilliance for 56 gold pieces
 71316 | Orc:2    | Bought 2 potions of mutation for 224 gold pieces
 71320 | Orc:2    | Bought a potion of cancellation for 112 gold pieces
 71415 | D:11     | Bought the amulet "Ivackob" {RegenMP rN++ rCorr} for 796
                  | gold pieces
 71661 | Vaults:5 | Entered Level 5 of the Vaults
 71665 | Vaults:5 | Reached XP level 27. HP: 172/180 MP: 37/37
 71686 | Vaults:5 | Identified the ring "Buozef" {rPois rF- rN++ Str+4 Int+6}
 71764 | Vaults:5 | Noticed a dread lich
 71767 | Vaults:5 | Killed a dread lich
 71776 | Vaults:5 | Reached skill level 15 in Spellcasting
 72078 | Vaults:5 | Identified the +9 halberd of Okawaru's Approval {flame,
                  | Int+3}
 72078 | Vaults:5 | Identified the +5 orcbow of Dissatisfaction {drain, Dex+2}
 72272 | Vaults:5 | Got a silver rune of Zot
 72288 | Vaults:5 | Identified the ring "Utzokhe" {rElec rF- EV+5 Str+4 Int+4}
 72382 | Vaults:5 | Identified the +4 shortbow of Death {flame, Str+4 Int-5
                  | Dex+4}
 72536 | Vaults:5 | Identified the +6 mace "Vikluces" {elec, rF++ rC+ Int-4
                  | Stlth+}
 72542 | Vaults:5 | Identified the staff of Agguir {rElec rPois Int+2 Stlth-
                  | Tloc Air}
 72618 | Vaults:5 | Identified the +1 ring mail of the Sailor {+Blink Will-
                  | MP+9 Dex+7}
 72671 | Vaults:5 | Identified the +1 arbalest of the Unspeakable One {speed,
                  | rF- rN+++ Will- SInv}
 72677 | Vaults:5 | Identified the +7 chain mail "Vyewan" {Str-3 Int+4}
 72686 | Vaults:5 | Identified the +1 leather armour of Defiance {+Blink MP+9
                  | Str+3}
 72730 | Vaults:5 | Identified the +9 spear of Modesty {speed, Will++ Int+2}
 73110 | Vaults:5 | Learned a level 6 spell: Dispersal
 73118 | Vaults:5 | Learned a level 7 spell: Orb of Destruction
 73118 | Vaults:5 | Lost mutation: Your magical capacity is low. (-10% MP)
                  | [potion of mutation]
 73118 | Vaults:5 | Lost mutation: You sometimes lose your temper in combat.
                  | [potion of mutation]
 73118 | Vaults:5 | Gained mutation: Your spells are a little harder to cast,
                  | but a little more powerful. [potion of mutation]
 73118 | Vaults:5 | Gained mutation: Your mind is acute. (Int +4, Str/Dex -1)
                  | [potion of mutation]
 73377 | Depths:3 | Voluntarily entered the Abyss.
 73377 | Abyss:3  | Found a corrupted altar of Lugonu.
 73383 | Abyss:3  | Found a corrupted altar of Lugonu.
 73393 | Abyss:3  | Got an abyssal rune of Zot
 73409 | Abyss:3  | Found a corrupted altar of Lugonu.
 73450 | Depths:3 | Escaped the Abyss
 73642 | Depths:4 | Found a gate to the Realm of Zot.
 73835 | Zot:1    | Entered Level 1 of the Realm of Zot
 74621 | Zot:1    | Noticed Vv
 74628 | Zot:1    | Reached skill level 10 in Translocations
 74628 | Zot:1    | Killed Vv
 75300 | Zot:1    | Acquired 456 gold pieces
 76334 | Zot:2    | Noticed an orb of fire
 76419 | Zot:2    | Gained mutation: You are very clumsy. (Dex -4) [an orb of
                  | fire]
 76473 | Zot:2    | Gained mutation: You are vulnerable to cold. (rC-) [an orb
                  | of fire]
 76477 | Zot:2    | Killed an orb of fire
 77859 | Zot:3    | Reached skill level 10 in Shields
 80756 | Zot:5    | Entered Level 5 of the Realm of Zot
 81631 | Zot:5    | Noticed an orb of fire
 81632 | Zot:5    | Noticed an orb of fire
 81634 | Zot:5    | Noticed an orb of fire
 81635 | Zot:5    | Noticed an orb of fire
 81635 | Zot:5    | Gained mutation: You have hidden genetic defects. [an orb
                  | of fire]
 81635 | Zot:5    | Noticed an orb of fire
 81728 | Zot:5    | Killed an orb of fire
 81729 | Zot:5    | Reached skill level 15 in Shields
 81729 | Zot:5    | Gained mutation: You occasionally lose the ability to read
                  | scrolls when taking damage. [an orb of fire]
 81731 | Zot:5    | Killed an orb of fire
 81734 | Zot:5    | Killed an orb of fire
 81735 | Zot:5    | Gained mutation: You occasionally lose the ability to drink
                  | potions when taking damage. [an orb of fire]
 81737 | Zot:5    | Killed an orb of fire
 81805 | Zot:5    | Lost mutation: You occasionally lose the ability to drink
                  | potions when taking damage. [potion of mutation]
 81805 | Zot:5    | Lost mutation: You are very clumsy. (Dex -4) [potion of
                  | mutation]
 81805 | Zot:5    | Lost mutation: You have hidden genetic defects. [potion of
                  | mutation]
 81805 | Zot:5    | Gained mutation: Your mind is very acute. (Int +8, Str/Dex
                  | -2) [potion of mutation]
 81805 | Zot:5    | Gained mutation: Armour fits poorly on your strangely
                  | shaped body. [potion of mutation]
 81805 | Zot:5    | Gained mutation: You have a somewhat thin skeletal
                  | structure. (Dex +2, Stealth+) [potion of mutation]
 81806 | Zot:5    | Lost mutation: You occasionally lose the ability to read
                  | scrolls when taking damage. [potion of mutation]
 81806 | Zot:5    | Lost mutation: You are vulnerable to cold. (rC-) [potion of
                  | mutation]
 81806 | Zot:5    | Gained mutation: Your body sometimes deteriorates upon
                  | taking damage. [potion of mutation]
 81806 | Zot:5    | Gained mutation: You have a beak for a mouth. [potion of
                  | mutation]
 81847 | Zot:5    | Noticed an ancient lich
 81850 | Zot:5    | Killed an orb of fire
 81853 | Zot:5    | Killed an ancient lich
 81858 | Zot:5    | Noticed an orb of fire
 81899 | Zot:5    | Gained mutation: Your magical capacity is low. (-10% MP)
                  | [an orb of fire]
 81899 | Zot:5    | Noticed a dread lich
 81900 | Zot:5    | Killed an orb of fire
 81900 | Zot:5    | Noticed a dread lich
 81902 | Zot:5    | Killed a dread lich
 81903 | Zot:5    | Killed a dread lich
 82219 | Zot:5    | Noticed an ancient lich
 82222 | Zot:5    | Killed an ancient lich
 82545 | Zot:5    | Got the Orb of Zot
 82601 | Zot:5    | Noticed a seraph
 82821 | Depths:1 | Reached skill level 27 in Fighting
 82874 | D:14     | Noticed Hunanuq the pandemonium lord
 83199 | D:$      | Escaped with the Orb!

Illustrated notes

Levels and vault maps discovered:
D:1:      kennysheep_arrival_seaside, layout_loops_ring
D:2:      layout_loops_corners, uniq_sigmund
D:3:      layout_basic, grunt_decor_one_mirror
D:4:      layout_basic, nicolae_ru_path_of_blood, nicolae_ossuary_entry_plus,
          uniq_duvessa
D:5:      layout_cave_pools, lightli_temple_of_fire, uniq_menkaure, uniq_grinder
D:6:      layout_gridville, minmay_shop_grid_forest, minmay_divided_ellipse,
          uniq_prince_ribbit1
D:7:      layout_rooms, worldfamousw_hep_ancestral_shrine,
          minmay_temple_entry_junction, enter_bailey_4,
          chequers_serial_rivers_small_3
D:8:      layout_layer_cave, nicolae_gozag_cash_rules_everything_around_me,
          ebering_ghost_funeral_grove, serial_glass, glass_columns_a,
          glass_columns_b, columned_hall_lemuel
D:9:      layout_cave_pools, chequers_temple_overflow_minitemple,
          nicolae_eternal_life
D:10:     layout_basic, erik_orc_1, enter_trove_5, uniq_grum, uniq_joseph
D:11:     layout_loops_ring, lair_entry_dummy, serial_shops,
          nicolae_shop_bloodbath_and_beyond, shop, serial_bayou_crossing,
          uniq_erolcha
D:12:     gargoyle_guard, layout_basic, special_room [special_room_orc],
          chequers_serial_rivers_large_a, nicolae_elemental_shop
D:13:     layout_roguey, elves_outpost_lemuel
D:14:     layout_layer_cave, david_vaults_3, serial_shops,
          nicolae_shop_peninsula, infiniplex_staircase_trident, uniq_nessos,
          uniq_snorg
D:15:     gammafunk_enter_depths_forms, layout_loops_ring, chequers_garden,
          st_stairs_6, nicolae_shop_clearance
Temple:   hellmonk_temple_two_chambers
Lair:1:   layout_regular_city
Lair:2:   layout_chaotic_city, spider_nest_entry_webs, gauntlet_entry_generic,
          nicolae_quartered_pool_super, serial_bayou_pond_e
Lair:3:   layout_cave_pods, minmay_swamp_entry_reptiles
Lair:4:   regret_index_bee_streams, layout_cave_pods, grunt_megastairs_4
Lair:5:   wormcave, layout_gridlike, hangedman_lair_in_review, slime_entry_1,
          serial_rivers, chequers_serial_rivers_micro_e,
          chequers_serial_rivers_micro_a, chequers_serial_rivers_small_b,
          chequers_serial_rivers_micro_e
Swamp:1:  nicolae_swamp_secret_spriggan_hideout, layout_basic_swamp,
          evilmike_swamp_ruin_rubble_1, swamp_pool_1_2,
          nicolae_swamp_thats_no_hydra
Swamp:2:  layout_basic_swamp, evilmike_swamp_ruin_house_2, swamp_pool_3
Swamp:3:  layout_basic_swamp, nicolae_swamp_feature_on_the_river_bank
Swamp:4:  grunt_swamp_rune_castle, layout_basic_swamp, nicolae_swamp_treefoil,
          swamp_pool_3, nicolae_swamp_fairy_circle, uniq_mlioglotl
Spider:1: layout_spider_delve
Spider:2: layout_spider_delve
Spider:3: layout_spider_delve
Spider:4: johnstein_spider_rune_arachne_lair, uniq_louise, uniq_agnes
Slime:1:  layout_caves
Slime:2:  nicolae_slime_infinislime, layout_caves, nicolae_slime_round_cave
Slime:3:  layout_caves
Slime:4:  layout_caves, dissolution_awaits
Slime:5:  slime_pit_nicolae_royal_road_to_ruin
Orc:1:    layout_caves, basic_altar, uniq_nergalle, uniq_sonja
Orc:2:    st_orc_elflike, layout_diamond_mine, maelrawn_ghost_gauntlet_escape,
          serial_shops, shop, uniq_josephine
Elf:1:    nicolae_elf_arrival_dilemma, layout_loops_cross, minmay_elf_sorcery,
          moated_statue, drop_trap
Elf:2:    elven_hall_of_blades_hangedman_alternative [grunt_blade_entry_basic],
          layout_geoelf_diagonals, uniq_jorgrun, uniq_azrael
Elf:3:    minmay_elf_hall_furrowed, layout_geoelf_octagon, uniq_saint_roka
Vaults:1: portal_desolation_entry_twin_temple, nicolae_vaults_display_case,
          nicolae_vaults_network_quincunx
          [nicolae_vaults_network_quincunx_subvault,
          nicolae_vaults_network_quincunx_subvault,
          nicolae_vaults_network_quincunx_subvault,
          nicolae_vaults_network_quincunx_subvault,
          nicolae_vaults_network_quincunx_subvault],
          nicolae_vaults_three_branches, nicolae_vaults_more_shelving_1,
          vaults_room_stairs_pillars, nicolae_vaults_circle_grid_b,
          nicolae_vaults_frosty_reception, serial_ice_b,
          nicolae_vaults_mini_display_case, layout_vaults_omnicross,
          serial_shops, shop, uniq_nikola, uniq_aizul
Vaults:2: infiniplex_enter_wizlab_spiral, nicolae_vaults_network_star,
          nicolae_vaults_network_square, nicolae_vaults_c_with_doors,
          grunt_vaults_funnel, ontoclasm_vaults_gateway, ontoclasm_vaults_fault,
          ontoclasm_vaults_ring_square, hangedman_vaults_slice,
          nicolae_vaults_storage_room_glass, v_pattern_1, layout_vaults_ring
Vaults:3: v_misc_19, hangedman_vaults_slither, nicolae_vaults_storage_closets_1,
          nicolae_vaults_taking_the_gang_shopping,
          hangedman_vaults_stretched_pinwheel, ontoclasm_vaults_echo,
          nicolae_vaults_circle_grid_a, vaults_room_semicircle,
          minmay_crypt_entry_simple_round, v_misc_30,
          nicolae_vaults_trapezoid_4, nicolae_vaults_shelves_hall,
          layout_vaults_quadrants, serial_shops, nicolae_shop_overgrown_old_shop
Vaults:4: ontoclasm_vaults_chip, v_alt_pattern_1, nicolae_vaults_diamond_2,
          nicolae_vaults_circle_grid_b, vaults_mumra_chevron, v_pattern_4,
          nicolae_vaults_octothorpe, dpeg_vaults_monster_box,
          ontoclasm_vaults_shuriken, nicolae_vaults_prndl,
          grunt_vaults_trifunnel, nicolae_vaults_sesquioval_fish,
          nicolae_vaults_six-pack, nicolae_vaults_tetromino_T_1,
          layout_vaults_big_room
Vaults:5
Crypt:1:  layout_chaotic_city, uniq_frederick
Crypt:2:  layout_gridlike, grunt_megastairs_1
Crypt:3:  quadcrypt_mu
Depths:1: layout_forbidden_donut, kennysheep_path_1, pf_hell_entry_tar_spiral,
          minmay_acid_items, uniq_sojobo, uniq_mara
Depths:2: minmay_the_grid_ultimate
          [minmay_the_grid_prize_four_corners_diamond_b,
          minmay_the_grid_prize_four_corners, minmay_the_grid_prize_big_room,
          minmay_the_grid_prize_trominoes, minmay_the_grid_square_5x5_v,
          minmay_the_grid_square_5x5_bracketed,
          minmay_the_grid_square_5x5_checkered_sparse,
          minmay_the_grid_square_5x5_six, minmay_the_grid_square_5x5_shuriken,
          minmay_the_grid_square_5x5_spiral, minmay_the_grid_square_5x5_minibox,
          minmay_the_grid_square_5x5_checkered_statues,
          minmay_the_grid_square_5x5_three_walls,
          minmay_the_grid_square_5x5_inner_v,
          minmay_the_grid_square_5x5_intrusive_squares,
          minmay_the_grid_square_5x5_hollow_slash,
          minmay_the_grid_square_5x5_dogpile,
          minmay_the_grid_square_5x5_inverted_slash,
          minmay_the_grid_square_5x5_mess, minmay_the_grid_triangle_9x9_shrine,
          minmay_the_grid_triangle_9x9_steps,
          minmay_the_grid_triangle_9x9_limited_checkers,
          minmay_the_grid_triangle_9x9_odd_lines,
          minmay_the_grid_triangle_9x9_warning,
          minmay_the_grid_triangle_9x9_windchime,
          minmay_the_grid_triangle_9x9_zippers_vertical,
          minmay_the_grid_triangle_9x9_from_above,
          minmay_the_grid_triangle_9x9_minimal,
          minmay_the_grid_triangle_9x9_checkered,
          minmay_the_grid_triangle_9x9_flanged_cone,
          minmay_the_grid_triangle_9x9_pentomino_pain,
          minmay_the_grid_triangle_9x9_intruding_spiral,
          minmay_the_grid_triangle_9x9_longest,
          minmay_the_grid_triangle_9x9_swiss_cheese,
          minmay_the_grid_triangle_9x9_subtriangle,
          minmay_the_grid_square_5x5_half_checkered, minmay_the_grid_octo_77,
          minmay_the_grid_octo_fan_narrow, minmay_the_grid_octo_toaster,
          minmay_the_grid_octo_horde, minmay_the_grid_octo_tetromino_candy,
          minmay_the_grid_octo_thin_diamonds,
          minmay_the_grid_octo_checkerflower, minmay_the_grid_octo_clover,
          minmay_the_grid_outer_circle, minmay_the_grid_holed_spiral,
          minmay_the_grid_small_cups, minmay_the_grid_dragon_b], hell_entry,
          pan_entry
Depths:3: lemuel_traditional_vault, layout_cave_pools, hell_entry, abyss_entry,
          infiniplex_staircase_pool_2, serial_bayou_shore_b
Depths:4: grunt_zot_entry_hairpin, layout_cave_pools, enter_ziggurat_f,
          hangedman_abyss_or_decor_passed, lightli_too_deep
Zot:1:    regret_index_all_hallows'_manor, layout_basic, uniq_vv
Zot:2:    layout_concentric_octagons, regret_index_zotdec_banners
Zot:3:    lemuel_halls_of_wrath, layout_gridlike, hangedman_zot_wheel_spokes,
          grunt_ministairs_9
Zot:4:    layout_concentric_octagons, hangedman_zot_decor_checkerboard
Zot:5:    layout_cellular_growth

Skill      XL: |  1  2  3  4  5  6  7  8  9 10 11 12 13 14 15 16 17 18 19 20 21 22 23 24 25 26 27 |
---------------+----------------------------------------------------------------------------------+-----
Earth Magic    | 4 5 6 7 9 10 11 12 13 15 16 17 19 21 24 26 27 | 27.0
Conjurations   | 2 3 4 6 7 9 10 11 12 13 14 16 18 19 | 19.5
Spellcasting   | 3 4 5 7 10 12 13 14 15 | 15.6
Fighting       | 3 6 8 10 11 13 14 15 18 20 27 | 27.0
Translocations | 4 7 11 | 11.2
Shields        | 4 15 | 15.0
Alchemy        | 3 7 9 |  9.0
Fire Magic     | 2 7 10 12 14 | 14.0
Air Magic      | 1 6 9 10 | 10.4
Evocations     | 2 5 7 |  7.7
Stealth        | 8 |  8.0
Hexes          | 3 7 |  7.0
Necromancy     | 3 7 |  7.1
Armour         | 4 12 | 12.4
Dodging        | 2 7 10 | 10.3
Maces & Flails | 4 8 9 |  9.0

Action                     |  1- 3 |  4- 6 |  7- 9 | 10-12 | 13-15 | 16-18 | 19-21 | 22-24 | 25-27 || total
---------------------------+-------+-------+-------+-------+-------+-------+-------+-------+-------++-------
  Melee: Mace              |     1 |   153 |    28 |       |       |       |       |       |       ||   182
         Punch             |       |     5 |       |       |       |       |       |       |       ||     5
         Whip              |       |       |       |     2 |       |       |       |       |       ||     2
         Broad axe         |       |       |       |    29 |       |       |       |       |       ||    29
         Staff             |       |       |       |       |   118 |    81 |    48 |    41 |    37 ||   325
         Eveningstar       |       |       |       |       |       |       |    91 |    63 |    87 ||   241
         Peck              |       |       |       |       |       |       |       |       |     2 ||     2
  Throw: Dart              |       |       |       |     2 |       |       |       |       |       ||     2
   Cast: Sandblast         |    49 |    45 |   122 |   308 |   217 |    20 |     8 |     5 |       ||   774
         Stone Arrow       |       |     6 |    38 |    95 |    61 |     3 |       |       |       ||   203
         Fulminant Prism   |       |       |       |    11 |    52 |     4 |       |       |       ||    67
         Olgreb's Toxic Ra |       |       |       |     3 |   132 |    90 |    23 |     1 |       ||   249
         Iskenderun's Myst |       |       |       |       |    94 |   106 |    80 |    88 |    36 ||   404
         Lee's Rapid Decon |       |       |       |       |    27 |    79 |   223 |   300 |   245 ||   874
         Plasma Beam       |       |       |       |       |     1 |   299 |   309 |   368 |   376 ||  1353
         Bombard           |       |       |       |       |       |    91 |    77 |    68 |    39 ||   275
         Brom's Barrelling |       |       |       |       |       |    13 |       |       |       ||    13
         Yara's Violent Un |       |       |       |       |       |       |    22 |     5 |     2 ||    29
         Borgnjor's Vile C |       |       |       |       |       |       |     8 |     4 |    55 ||    67
         Shatter           |       |       |       |       |       |       |       |    18 |   167 ||   185
         Lehudib's Crystal |       |       |       |       |       |       |       |       |   154 ||   154
         Orb of Destructio |       |       |       |       |       |       |       |       |     5 ||     5
Ability: Evoke Blink       |       |       |       |       |       |       |       |     1 |       ||     1
  Evoke: Wand              |       |       |     5 |    39 |     7 |     4 |     9 |     2 |     3 ||    69
    Use: Scroll            |       |     6 |    13 |     9 |     2 |     4 |     6 |     5 |    18 ||    63
         Potion            |       |     7 |       |     8 |       |     5 |     7 |     5 |    21 ||    53
   Stab: Sleeping          |     1 |       |       |       |       |       |     1 |       |       ||     2
         Distracted        |       |     1 |       |       |       |       |     1 |     1 |       ||     3
         Invisible         |       |       |       |       |       |       |     1 |       |       ||     1
 Armour: Robe              |     6 |       |       |       |       |       |       |       |       ||     6
         Leather armour    |     1 |   137 |    77 |    80 |       |       |       |       |       ||   295
         Acid dragon scale |       |       |       |   179 |   272 |   297 |   216 |   143 |       ||  1107
         Ring mail         |       |       |       |       |       |       |   156 |   224 |   535 ||   915
  Dodge: Dodged            |    10 |   112 |    60 |   240 |   255 |   229 |   283 |   193 |   185 ||  1567
  Block: Buckler           |       |       |       |    57 |    98 |   104 |   111 |   112 |    71 ||   553
         Kite shield       |       |       |       |       |       |       |       |       |   101 ||   101
